Match 45869755
Unlisted

Match 45869755
End
Construct Infanterie Kompanie
Kettenkrad Recon Vehicle
Selects Terror Battlegroup
Selects Machine Gun Camouflage
MG 42 Machine Gun Team
MG 42 Machine Gun Team
Construct Luftwaffe Kompanie
Medical Bunker
221 Scout Car
Flak 30 Anti-aircraft Gun Team
MG 42 Machine Gun Team
MG 42 Machine Gun Team
Daeakdang
Bumble Brutus
Oncle-Hô
JACK CHEN
dl5277
BB-Salad
SUPER DOG
TIS MA
0
0

Comments sign in to comment!

No comments posted yet!